 Dungeon Crawl Stone Soup version 0.26-a0-284-g73c0fb6129 (webtiles) character file.

Game seed: 6503311891966894044

116 BritishOli the Skirmisher (level 4, 0/37 HPs)
             Began as a Demonspawn Fighter on July 13, 2020.
             Slain by a worm (8 damage)
             ... on level 3 of the Dungeon.
             The game lasted 00:01:27 (2322 turns).

BritishOli the Skirmisher (Demonspawn Fighter)      Turns: 2322, Time: 00:01:28

Health: 0/37       AC:  6    Str: 18    XL:     4   Next: 70%
Magic:  4/4        EV: 10    Int:  9    God:
Gold:   117        SH:  9    Dex: 12    Spells: 3/3 levels left

rFire    . . .     SeeInvis .   a - +0 long sword
rCold    . . .     Faith    .   c - +0 kite shield
rNeg     . . .     Spirit   .   b - +0 scale mail
rPois    .         Reflect  .   (no helmet)
rElec    .         Harm     .   (no cloak)
rCorr    .                      (no gloves)
MR       .....                  (no boots)
Stlth    ..........             (no amulet)
HPRegen  0.12/turn              (no ring)
MPRegen  0.09/turn              (no ring)

@: no status effects
A: repulsion field 2
a: no special abilities


You were on level 3 of the Dungeon.
You visited 1 branch of the dungeon, and saw 3 of its levels.

You collected 117 gold pieces.

Inventory:

Hand Weapons
 a - a +0 long sword (weapon)
Missiles
 o - 2 throwing nets (quivered)
Armour
 b - a +0 scale mail (worn)
 c - a +0 kite shield (worn)
Jewellery
 i - an uncursed ring of protection from fire {unknown}
 r - an uncursed ring of fire {unknown}
Wands
 s - a wand of iceblast (10)
Scrolls
 g - a scroll of blinking {unknown}
 h - a scroll of teleportation {unknown}
 j - 2 scrolls of identify {unknown}
 n - a scroll of random uselessness {unknown}
 p - a scroll of magic mapping {unknown}
 q - a scroll of noise {unknown}
Potions
 d - a potion of might
 e - a potion of lignification {unknown}
 f - a potion of mutation {unknown}
 k - a potion of brilliance {unknown}
 l - 4 potions of curing {unknown}
 m - 2 potions of degeneration {unknown}


   Skills:
 + Level 3.7 Fighting
 + Level 2.7 Long Blades
 + Level 3.3 Armour
 + Level 3.4 Shields


You had 3 spell levels left.
You didn't know any spells.
Your spell library was empty.

Dungeon Overview and Level Annotations

Branches:
Dungeon (3/15)

Altars:


Innate Abilities, Weirdness & Mutations

You are surrounded by a moderate repulsion field. (EV +3)


Message History

The worm is lightly wounded.
The worm bites you but does no damage.
Your scale mail prevents you from hitting the worm.
The worm is lightly wounded.
The worm completely misses you.
You riposte.
You hit the worm.
The worm is moderately wounded.
You hit the worm.
The worm is heavily wounded.
The worm bites you!
* * * LOW HITPOINT WARNING * * *
You barely miss the worm.
The worm is heavily wounded.
You hit the worm.
The worm is heavily wounded.
The worm bites you.
* * * LOW HITPOINT WARNING * * *
You hit the worm.
The worm is almost dead.
The worm bites you!
You die...

#(....# ## #.....#
.# #.....#
.############.....#
...........††.....+
.############.....#
.# #.....# .#
#.....# .# ####@##
.# #w# .# ... .#
....# ## ......
.....#.# ......#.#
.......#.#


You could see a worm.

Vanquished Creatures
  4 gnolls
  An adder (D:3)
  An ufetubus (D:2)
  2 worms
  3 dart slugs
  A leopard gecko (D:1)
  An orc (D:3)
  3 hobgoblins
  2 jackals (D:2)
  5 kobolds
  A ball python (D:1)
  7 bats
  10 frilled lizards
  8 goblins
  5 rats (D:1)
54 creatures vanquished.

Notes
Turn   | Place    | Note
-------+----------+-------------------------------------------
     0 | D:1      | BritishOli the Demonspawn Fighter began the quest for the
                  | Orb.
     0 | D:1      | Reached XP level 1. HP: 18/18 MP: 1/1
   172 | D:1      | Gained mutation: You are surrounded by a mild repulsion
                  | field. (EV +2) [demonic ancestry]
   172 | D:1      | Reached XP level 2. HP: 24/24 MP: 2/2
   462 | D:1      | Reached XP level 3. HP: 28/29 MP: 3/3
  1331 | D:2      | Gained mutation: You are surrounded by a moderate repulsion
                  | field. (EV +3) [demonic ancestry]
  1331 | D:2      | Reached XP level 4. HP: 11/35 MP: 4/4
  2322 | D:3      | Slain by a worm

Illustrated notes

Levels and vault maps discovered:
D:1:      lightli_arrival_noodles, layout_basic, minmay_lizard_king
D:2:      layout_loops_ring
D:3:      layout_basic, old_standard_altar, gammafunk_ghost_nasty_kobolds,
          uniq_ijyb, uniq_natasha

Skill      XL: |  1  2 |
---------------+-------+-----
Long Blades    | 2 |  2.7
Shields        | 3 |  3.4
Armour         | 3 |  3.3
Fighting       | |  3.7

Action                   |  1- 3 |  4- 6 || total
-------------------------+-------+-------++-------
Melee: Long sword        |   100 |    88 ||   188
Armor: Scale mail        |    43 |    42 ||    85
Dodge: Dodged            |    42 |    53 ||    95
Block: Kite shield       |    57 |    64 ||   121
       Rpst.: Long sword |     8 |    14 ||    22

Table legend:
 A = Non-vault XP
 B = Vault XP
 C = Vault XP percentage of total XP
 D = Non-vault monster count
 E = Vault monster count
 F = Vault count percentage of total count
                 A         B        C        D         E       F
            +---------+---------+-------+---------+---------+-------
      Total |     157 |      10 |   6.0 |      46 |       8 |  14.8
            +---------+---------+-------+---------+---------+-------
        D:1 |      59 |      10 |  14.5 |      22 |       8 |  26.7
        D:2 |      73 |       0 |   0.0 |      19 |       0 |   0.0
        D:3 |      25 |       0 |   0.0 |       5 |       0 |   0.0
            +---------+---------+-------+---------+---------+-------
